 Dungeon Crawl Stone Soup version 0.21.1-1-g345015f (webtiles) character file.

114 buskinjo2 the Cudgeler (level 4, -3/31 HPs)
             Began as an Octopode Fighter on Mar 3, 2018.
             Slain by a sky beast (6 damage)
             ... on level 5 of the Dungeon.
             The game lasted 00:03:55 (3289 turns).

buskinjo2 the Cudgeler (Octopode Fighter)           Turns: 3289, Time: 00:03:56

Health: -3/31      AC:  1    Str: 20    XL:     4   Next: 98%
Magic:  4/4        EV: 13    Int: 11    God:
Gold:   159        SH:  5    Dex: 11    Spells: 3/3 levels left

rFire    . . .     SeeInvis .   a - +3 flail
rCold    . . .     Gourm    .   r - +1 buckler
rNeg     . . .     Faith    .   (helmet restricted)
rPois    .         Spirit   .   (no amulet)
rElec    .         Reflect  .   (no ring)
rCorr    .         Harm     .   (no ring)
MR       .....                  (no ring)
Stlth    ++........             (no ring)
HPRegen  0.10/turn              (no ring)
MPRegen  0.09/turn              (no ring)
                                (no ring)
                                (no ring)

@: mighty
A: almost no armour, stealthy swim, amphibious, 8 rings, constrict 8, camouflage
1, gelatinous body 1
a: no special abilities


You were on level 5 of the Dungeon.
You were very hungry.

You visited 1 branch of the dungeon, and saw 6 of its levels.

You collected 159 gold pieces.

Inventory:

Hand Weapons
 a - a +3 flail (weapon)
Missiles
 i - 8 tomahawks (quivered)
Armour
 b - a +0 shield
 r - a +1 buckler (worn)
Scrolls
 e - 2 scrolls of identify
Potions
 f - a potion of brilliance {unknown}
 g - a potion of invisibility
 h - 2 potions of curing
 l - a potion of haste
 o - a potion of degeneration {unknown}
Comestibles
 d - 2 rations


   Skills:
 - Level 3.0 Fighting
 + Level 5.0 Maces & Flails
 - Level 3.0 Dodging
 - Level 3.0 Shields


You had 3 spell levels left.
You didn't know any spells.

Dungeon Overview and Level Annotations

Branches:
Dungeon (7/15)
 Temple: D:4-7

Altars:

Annotations:
D:2 exclusion: door, Crazy Yiuf


Innate Abilities, Weirdness & Mutations

You cannot wear most types of armour.
You are very stealthy in the water. (Stealth+)
You are amphibious.
You can wear up to eight rings at the same time.
You can use your tentacles to constrict eight enemies at once.
Your skin changes colour to match your surroundings (Stealth+).
Your rubbery body absorbs attacks. (AC +1, EV +1)


Message History

You kill the worker ant!
Your Maces & Flails skill increases to level 5!
You see here a worker ant corpse.
You hit the sky beast.
The sky beast is lightly wounded.
The sky beast flickers out of sight!
Deactivating autopickup; reactivate with Ctrl-A.
Something hits you. Something shocks you.
You hit something. Something hits you. Something shocks you.
You feel very mighty all of a sudden. Something hits you.
* * * LOW HITPOINT WARNING * * *
Something shocks you.
* * * LOW HITPOINT WARNING * * *
You miss something. You squeeze something.
A sky beast appears from thin air!
Reactivating autopickup.
The sky beast hits you.
* * * LOW HITPOINT WARNING * * *
The sky beast shocks you.
You die...

...... # ..Y... #.
.....# #### .##
#.....####.@# . ..
....#...##Y## #.#.
...###...#.#
....#.......#...##
#..# #.......# #.##
##....##.# #.#
##......#...
##>###..##.#.......
#..##..###.######..#


You could see a sky beast.

Vanquished Creatures
  A worker ant (D:5)
  4 adders (D:2)
  An ooze (D:2)
  A worm (D:2)
  A dart slug (D:2)
  3 leopard geckos
  A ball python (D:2)
  A giant cockroach (D:1)
  4 goblins
  7 hobgoblins
  3 jackals (D:1)
  4 bats
  7 frilled lizards (D:1)
  4 kobolds (D:2)
  6 rats
48 creatures vanquished.

Notes
Turn   | Place    | Note
-------+----------+-------------------------------------------
     0 | D:1      | buskinjo2 the Octopode Fighter began the quest for the Orb.
     0 | D:1      | Reached XP level 1. HP: 16/16 MP: 1/1
   276 | D:1      | Reached XP level 2. HP: 18/21 MP: 2/2
   412 | D:1      | Reached skill level 3 in Maces & Flails
   990 | D:2      | Reached XP level 3. HP: 24/26 MP: 3/3
  1560 | D:2      | Reached skill level 4 in Maces & Flails
  1972 | D:2      | Reached XP level 4. HP: 31/31 MP: 4/4
  2536 | D:2      | Found a runed door.
  2632 | D:2      | Noticed Crazy Yiuf
  3096 | D:3      | You fall through a shaft for 3 floors!
  3119 | D:6      | Noticed an ogre
  3255 | D:5      | Entered Level 5 of the Dungeon
  3258 | D:5      | Noticed a sky beast
  3282 | D:5      | Reached skill level 5 in Maces & Flails
  3289 | D:5      | Slain by a sky beast

Skill      XL: |  1  2  3  4 |
---------------+-------------+-----
Maces & Flails | 3 4 5 |  5.0
Fighting       | |  3.0
Dodging        | |  3.0
Shields        | |  3.0

Action                   |  1- 3 |  4- 6 || total
-------------------------+-------+-------++-------
Melee: Flail             |    73 |    36 ||   109
       Constrict         |    22 |     3 ||    25
       Tentacles         |    11 |     4 ||    15
Throw: Tomahawk          |     7 |       ||     7
  Use: Scroll            |     2 |    10 ||    12
       Potion            |       |     1 ||     1
 Stab: Sleeping          |     4 |     3 ||     7
  Eat: Chunk             |     3 |     3 ||     6
Armor: Skin              |     3 |     3 ||     6
Dodge: Dodged            |    43 |    14 ||    57
Block: Shield            |    21 |     8 ||    29
       Buckler           |       |     5 ||     5
